 Dungeon Crawl Stone Soup version 0.22-a0-283-g1871b15 (webtiles) character file.

52 nikopol the Firebug (level 3, 0/19 HPs)
             Began as a Deep Elf Fire Elementalist on Mar 19, 2018.
             Slain by an adder (3 damage)
             ... on level 2 of the Dungeon.
             The game lasted 00:03:22 (926 turns).

nikopol the Firebug (Deep Elf Fire Elementalist)     Turns: 926, Time: 00:03:23

Health: 0/19       AC:  2    Str:  4 (5)  XL:     3   Next: 60%
Magic:  0/10       EV: 13    Int: 18 (20) God:
Gold:   63         SH:  0    Dex: 14 (15) Spells: 3/9 levels left

rFire    . . .     SeeInvis .   (no weapon)
rCold    . . .     Gourm    .   (no shield)
rNeg     . . .     Faith    .   a - +0 robe
rPois    .         Spirit   .   (no helmet)
rElec    .         Reflect  .   (no cloak)
rCorr    .         Harm     .   (no gloves)
MR       .....                  (no boots)
Stlth    ++........             (no amulet)
HPRegen  0.06/turn              (no ring)
MPRegen  0.12/turn              (no ring)

@: lethally poisoned (0 -> -8), very slightly contaminated
A: no striking features
a: no special abilities


You were on level 2 of the Dungeon.
You were not hungry.

You visited 1 branch of the dungeon, and saw 2 of its levels.

You collected 63 gold pieces.

Inventory:

Armour
 a - a +0 robe (worn)
Scrolls
 d - a scroll of fear {unknown}
 e - a scroll of teleportation {unknown}
 f - a scroll of noise {unknown}
 j - a scroll of blinking {unknown}
 k - a scroll of identify {unknown}
 l - a scroll of fog {unknown}
 n - a scroll of enchant armour {unknown}
Potions
 h - a potion of mutation {unknown}
 i - a potion of resistance {unknown}
 m - a potion of might {unknown}
Comestibles
 b - 4 chunks of flesh
 c - a ration


   Skills:
 + Level 3.0 Dodging
 + Level 2.6 Stealth
 + Level 3.6 Spellcasting
 + Level 1.5 Conjurations
 + Level 4.2 Fire Magic


You had 3 spell levels left.
You knew the following spells:

 Your Spells              Type           Power        Failure   Level  Hunger
a - Flame Tongue          Conj/Fire      ##...        4%          1    None
b - Throw Flame           Conj/Fire      ##....       7%          2    ##.....
c - Conjure Flame         Conj/Fire      ##......     14%         3    ###....


Dungeon Overview and Level Annotations

Branches:
Dungeon (2/15)

Altars:


Message History

You miscast Flame Tongue.
You are very lightly contaminated with residual magic.
You feel uncomfortably hot. The adder misses you. The adder bites you.
You are lethally poisoned!
The adder poisons you!
You feel sick.
Casting: Flame Tongue (safe; 4% risk of failure)
Confirm with . or Enter, or press ? or * to list all spells.
Aiming: Flame Tongue (safe; 4% risk of failure)
Press: ? - help, Shift-Dir - straight line, f/p - adder
Aim: an adder (almost dead)
The flame tongue misses the adder.
You feel sick. The adder bites you. The adder bites you.
* * * LOW HITPOINT WARNING * * *
It was a potion of degeneration.
There was something very wrong with that liquid.
You feel weakened.
You feel dopey.
You feel clumsy.
* * * LOW HITPOINT WARNING * * *
You feel sick. The adder bites you.
You die...

.#.>#. #####
#.(.#.##... #
#........#
#$#........#
.#.........#
#.#........#
..........## #.
#..%S@.#
.###.#..###.#
...$....# .#
#.#####.###.#####
#.# #.......(..
#.# ###.######
######.# #.#
##...##.# #.#
.)..)##.#######.#


You could see an adder.

Vanquished Creatures
  An ooze (D:1)
  A dart slug (D:1)
  A leopard gecko (D:1)
  4 orcs (D:2)
  2 ball pythons (D:1)
  3 giant cockroaches (D:1)
  A goblin (D:2)
  9 hobgoblins
  8 bats
  2 frilled lizards (D:1)
  3 kobolds
  3 rats
38 creatures vanquished.

Notes
Turn   | Place    | Note
-------+----------+-------------------------------------------
     0 | D:1      | nikopol the Deep Elf Fire Elementalist began the quest for the Orb.
     0 | D:1      | Reached XP level 1. HP: 10/10 MP: 6/6
   120 | D:1      | Reached XP level 2. HP: 15/15 MP: 6/8
   594 | D:1      | Reached skill level 4 in Fire Magic
   595 | D:1      | Reached XP level 3. HP: 19/19 MP: 5/9
   701 | D:1      | Learned a level 2 spell: Throw Flame
   705 | D:1      | Learned a level 3 spell: Conjure Flame
   926 | D:2      | Slain by an adder

Vault maps used:
D:1:      dpeg_arrival_fog, st_stairs_11
D:2:      chequers_ecumenical_altar_lobes, minmay_small_reverse_x

Skill      XL: |  1  2  3 |
---------------+----------+-----
Fire Magic     | 4 |  4.2
Dodging        | 3 |  3.0
Stealth        | |  2.6
Spellcasting   | |  3.6
Conjurations   | |  1.5

Action                   || total
-------------------------++-------
Melee: Unarmed           ||     1
 Cast: Flame Tongue      ||    66
  Use: Potion            ||     1
Armor: Robe              ||     3
Dodge: Dodged            ||    17

Table legend:
 A = Spawn XP
 B = Non-spawn XP
 C = Spawn XP percentage of total XP
 D = Spawn monster count
 E = Non-spawn monster count
 F = Spawn count percentage of total count
 G = Total turns spent on level
                    A         B        C        D         E        F      G
               +---------+---------+-------+---------+---------+-------+---------
         Total |       0 |      75 |   0.0 |       0 |      38 |   0.0 |   926
               +---------+---------+-------+---------+---------+-------+---------
           D:1 |       0 |      48 |   0.0 |       0 |      24 |   0.0 |   752
           D:2 |       0 |      27 |   0.0 |       0 |      14 |   0.0 |   174
               +---------+---------+-------+---------+---------+-------+---------
